 Dungeon Crawl Stone Soup version 0.30-a0-1157-g2cc9ac7196 (webtiles) character file.

Game seed: 11896147825714354828

15795649 Wizard1ke the Iron Dragon (level 27, 298/298 HPs)
             Began as a Purple Draconian Earth Elementalist on Apr 24, 2023.
             Was the Champion of Vehumet.
             Escaped with the Orb
             ... and 15 runes on Apr 25, 2023!
             The game lasted 08:09:47 (98943 turns).

Wizard1ke the Iron Dragon (DrEE)                   Turns: 98943, Time: 08:09:47

Health: 298/298    AC: 28    Str: 18    XL:     27
Magic:  45/63      EV: 22    Int: 29    God:    Vehumet [******]
Gold:   8880       SH: 20    Dex: 15    Spells: 16/80 levels left

rFire   + + +        r - staff of earth "Tagrubush" {rC+ Str+3}
rCold   + + +        c - +4 kite shield
rNeg    + + +        (body armour unavailable)
rPois   ∞            Z - +2 hat "Doel" {+Blink rElec Str-2}
rElec   +            F - +2 cloak of the Zebra {+Blink rPois Str+3 Int-3}
rCorr   +            n - +0 pair of gloves of Opucs {rF+++ rN++ Will- SInv}
SInv    +            V - +2 pair of boots {Fly}
Will    +++++        C - amulet of Qiac Vyg {RegenMP Will+ Regen+ Str+3}
Stlth   +            A - +6 ring of intelligence
HPRegen 1.49/turn    b - ring "Eperphoi" {rPois rN++ rCorr MP+9 SInv}
MPRegen 0.78/turn

%: no passive effects
@: lich-form, flying, studying 3 skills
A: draining attack, torment immunity, no potions, (breathe power), AC +13,
unfitting armour, cold-blooded, hooves 1, cold resistance 1, robust 1
0: Orb of Zot
}: 15/15 runes: decaying, slimy, silver, golden, iron, obsidian, icy, bone,
abyssal, demonic, glowing, magical, fiery, dark, gossamer
a: End Transformation, Renounce Religion, Evoke Blink


You escaped.
You worshipped Vehumet.
Vehumet was exalted by your worship.
You were an undead lich.
You visited 18 branches of the dungeon, and saw 88 of its levels.
You visited Pandemonium 1 time, and saw 12 of its levels.
You visited the Abyss 1 time.
You also visited: Bailey, Wizlab and Desolation.

You collected 14725 gold pieces.
You spent 5845 gold pieces at shops.

Inventory:

Missiles
 J - 5 throwing nets
 L - 27 curare-tipped darts
Armour
 c - a +4 kite shield (worn)
 n - the +0 pair of gloves of Opucs (worn) {rF+++ rN++ Will- SInv}
   (You found it in the Desolation of Salt)

   rF:        It renders you almost immune to fire.
   rN:        It greatly protects you from negative energy.
   SInv:      It lets you see invisible.
   Will:      It decreases your willpower.
 F - the +2 cloak of the Zebra (worn) {+Blink rPois Str+3 Int-3}
   (You found it on level 2 of the Elven Halls)

   Str:       It affects your strength (+3).
   Int:       It affects your intelligence (-3).
   rPois:     It protects you from poison.
   +Blink:    It lets you blink.
 V - a +2 pair of boots of flying (worn)
 Z - the +2 hat "Doel" (worn) {+Blink rElec Str-2}
   (You found it on level 4 of the Spider Nest)

   Str:       It affects your strength (-2).
   rElec:     It insulates you from electricity.
   +Blink:    It lets you blink.
Magical Staves
 r - the staff of earth "Tagrubush" (weapon) {rC+ Str+3}
   (You acquired it on level 5 of the Vaults)

   [staff of earth]

   Base accuracy: +5 Base damage: 5 Base attack delay: 1.2 This weapon's minimum
   attack delay (0.6) is reached at skill level 12.
   Str:       It affects your strength (+3).
   rC:        It protects you from cold.
   It falls into the 'Staves' category.
   It is a one-handed weapon.
Jewellery
 b - the ring "Eperphoi" (right hand) {rPois rN++ rCorr MP+9 SInv}
   (You took it off a balrug in Pandemonium)

   [ring of poison resistance]

   rPois:     It protects you from poison.
   rN:        It greatly protects you from negative energy.
   MP:        It affects your magic capacity (+9).
   SInv:      It lets you see invisible.
   rCorr:     It protects you from acid and corrosion.
 d - the ring "Qiro" {rPois rF+ rC+}
   (You found it in a wizard's laboratory)

   [ring of protection from cold]

   rF:        It protects you from fire.
   rC:        It protects you from cold.
   rPois:     It protects you from poison.
 A - a +6 ring of intelligence (left hand)
 C - the amulet of Qiac Vyg (around neck) {RegenMP Will+ Regen+ Str+3}
   (You acquired it on level 2 of the Spider Nest)

   [amulet of magic regeneration]

   It increases your rate of magic regeneration.
   Str:       It affects your strength (+3).
   Regen:     It increases your rate of health regeneration.
   Will:      It increases your willpower.
 P - the ring "Suynishro" {rPois Will+}
   (You found it on level 3 of the Tomb of the Ancients)

   [ring of willpower]

   rPois:     It protects you from poison.
   Will:      It increases your willpower.
 Q - a ring of positive energy
 R - the ring of the Original Sin {Int+2 Dex+6}
   (You found it on level 3 of the Tomb of the Ancients)

   [ring of dexterity]

   Int:       It affects your intelligence (+2).
   Dex:       It affects your dexterity (+6).
 S - the ring "Reta" {rN+ rCorr Str+2 Int+3 Dex-2}
   (You took it off a deep elf archer on level 3 of the Elven Halls)

   [ring of positive energy]

   Str:       It affects your strength (+2).
   Int:       It affects your intelligence (+3).
   Dex:       It affects your dexterity (-2).
   rN:        It protects you from negative energy.
   rCorr:     It protects you from acid and corrosion.
 T - an amulet of guardian spirit
Wands
 e - a wand of roots (58)
 w - a wand of digging (26)
 y - a wand of quicksilver (30)
 z - a wand of polymorph (8)
 I - a wand of paralysis (61)
 W - a wand of mindburst (15)
Scrolls
 f - 6 scrolls of fog
 g - 2 scrolls of butterflies
 i - 13 scrolls of amnesia
 k - 18 scrolls of fear
 o - 17 scrolls of vulnerability
 p - 15 scrolls of blinking
 s - 14 scrolls of immolation
 t - 14 scrolls of teleportation
 x - a scroll of enchant armour
 D - 2 scrolls of magic mapping
 H - 16 scrolls of poison
Potions
 a - 5 potions of magic
 h - 19 potions of lignification
 j - 17 potions of attraction
 l - 34 potions of curing
 m - 3 potions of resistance
 q - 8 potions of ambrosia
 u - 12 potions of heal wounds
 v - 31 potions of mutation
 G - 7 potions of cancellation
 N - 12 potions of invisibility
 O - 2 potions of brilliance
 X - 10 potions of haste
Miscellaneous
 B - a phial of floods
 E - a phantom mirror
 K - a condenser vane
 M - a figurine of a ziggurat
 U - a lightning rod (4/4)
 Y - a box of beasts


   Skills:
 + Level 26.6 Fighting
 + Level 18.9 Dodging
 - Level 1.7 Stealth
 + Level 22.5 Shields
 O Level 27 Spellcasting
 + Level 25.7 Conjurations
 - Level 20.0 Necromancy
 - Level 4.0 Translocations
 - Level 20.0 Transmutations
 O Level 27 Earth Magic
 - Level 15.0 Evocations


You had 16 spell levels left.
You knew the following spells:

 Your Spells              Type           Power      Damage    Failure   Level
a - Irradiate             Conj/Tmut      53%        3d29      0%          5
b - Passwall              Tmut/Erth      100%       N/A       0%          2
c - Stone Arrow           Conj/Erth      100%       3d13      0%          3
d - Iron Shot             Conj/Erth      68%        9d13      0%          6
e - Blink                 Tloc           100%       N/A       1%          2
f - Borgnjor's Vile Clut  Necr/Erth      78%        N/A       0%          5
g - Ignite Poison         Fire/Tmut/Pois 67%        N/A       1%          3
h - Lehudib's Crystal Sp  Conj/Erth      68%        10d16     1%          8
i - Shatter               Erth           69%        3d51*     1%          9
j - Spellforged Servitor  Conj/Summ      42%        N/A       1%          7
k - Necromutation         Tmut/Necr      62%        N/A       1%          8
l - Apportation           Tloc           100%       N/A       1%          1
m - Yara's Violent Unrav  Hex/Tmut       38%        3d15      1%          5

Your spell library contained the following spells:

 Spells                   Type           Power      Damage    Failure   Level
 Beastly Appendage        Tmut           100%       N/A       0%          1
 Foxfire                  Conj/Fire      100%       2x1d9     0%          1
 Kiss of Death            Conj/Necr      100%       2d13      0%          1
 Magic Dart               Conj           100%       1d8       0%          1
 Necrotise                Necr           100%       1d9       0%          1
 Sandblast                Erth           100%       2d20      0%          1
 Shock                    Conj/Air       100%       1d9       0%          1
 Sting                    Tmut/Pois      100%       1d8       0%          1
 Momentum Strike          Conj/Tloc      100%       3d10      0%          2
 Searing Ray              Conj           100%       2d8       0%          2
 Static Discharge         Conj/Air       100%       2-7/arc   0%          2
 Sublimation of Blood     Necr           100%       N/A       0%          2
 Wereblood                Tmut           100%       N/A       0%          2
 Hailstorm                Conj/Ice       85%        3d17      0%          3
 Vampiric Draining        Necr           100%       2d13      0%          3
 Dispel Undead            Necr           100%       3d31      0%          4
 Iskenderun's Mystic Bla  Conj/Tloc      90%        2d18      0%          4
 Petrify                  Tmut/Erth      100%       N/A       0%          4
 Agony                    Necr           100%       N/A       0%          5
 Blade Hands              Tmut           50%        N/A       0%          5
 Iskenderun's Battlesphe  Conj           100%       2d15      0%          5
 Lee's Rapid Deconstruct  Erth           69%        3d31*     0%          5
 Statue Form              Tmut/Erth      88%        N/A       0%          6
 Orb of Destruction       Conj           56%        9d14      0%          7
 Summon Small Mammal      Summ           100%       N/A       1%          1
 Call Imp                 Summ           78%        N/A       1%          2
 Cigotuvi's Dreadful Rot  Necr/Pois/Air  100%       N/A       1%          2
 Ensorcelled Hibernation  Hex/Ice        78%        N/A       1%          2
 Lesser Beckoning         Tloc           100%       N/A       1%          2
 Poisonous Vapours        Pois/Air       78%        N/A       1%          2
 Scorch                   Fire           78%        2d8       1%          2
 Frozen Ramparts          Ice            78%        1d12      1%          3
 Gell's Gravitas          Tloc           58%        N/A       1%          3
 Inner Flame              Hex/Fire       39%        N/A       1%          3
 Mephitic Cloud           Conj/Pois/Air  73%        N/A       1%          3
 Portal Projectile        Hex/Tloc       100%       N/A       1%          3
 Spider Form              Tmut/Pois      77%        N/A       1%          3
 Teleport Other           Tloc           58%        N/A       1%          3
 Vhi's Electric Charge    Tloc/Air       100%       N/A       1%          3
 Volatile Blastmotes      Fire/Tloc      100%       2d18      1%          3
 Anguish                  Hex/Necr       49%        N/A       1%          4
 Flame Wave               Conj/Fire      85%        2d18      1%          4
 Fulminant Prism          Conj/Hex       42%        3d19      1%          4
 Ice Form                 Ice/Tmut       77%        N/A       1%          4
 Leda's Liquefaction      Hex/Erth       54%        N/A       1%          4
 Manifold Assault         Tloc           58%        N/A       1%          4
 Passage of Golubria      Tloc           58%        N/A       1%          4
 Sticky Flame             Conj/Fire      85%        2d10      1%          4
 Alistair's Intoxication  Tmut/Pois      51%        N/A       1%          5
 Arcjolt                  Conj/Air       42%        1d52      1%          5
 Fireball                 Conj/Fire      42%        3d17      1%          5
 Freezing Cloud           Conj/Ice/Air   36%        6-21      1%          5
 Conjure Ball Lightning   Conj/Air       42%        3x3d15    1%          6
 Death Channel            Necr           62%        N/A       1%          6
 Eringya's Noxious Bog    Tmut/Pois      38%        N/A       1%          6
 Simulacrum               Ice/Necr       49%        N/A       1%          6
 Starburst                Conj/Fire      42%        6d12      1%          6
 Dragon Form              Tmut           50%        N/A       1%          7
 Borgnjor's Revivificati  Necr           62%        N/A       1%          8
 Call Canine Familiar     Summ           39%        N/A       2%          3
 Confusing Touch          Hex            39%        N/A       2%          3
 Ozocubu's Armour         Ice            39%        N/A       2%          3
 Summon Guardian Golem    Hex/Summ       39%        N/A       2%          3
 Swiftness                Air            39%        N/A       2%          3
 Tukima's Dance           Hex            39%        N/A       2%          3
 Airstrike                Air            19%        2d(3-19)  2%          4
 Olgreb's Toxic Radiance  Pois           39%        N/A       2%          4
 Cause Fear               Hex            19%        N/A       8%          4
 Summon Ice Beast         Ice/Summ       39%        N/A       8%          4
 Summon Lightning Spire   Summ/Air       39%        N/A       8%          4
 Summon Forest            Summ/Tloc      25%        N/A       10%         5
 Storm Form               Tmut/Air       38%        N/A       11%         7
 Metabolic Englaciation   Hex/Ice        19%        N/A       22%         5
 Silence                  Hex/Air        19%        N/A       22%         5
 Summon Mana Viper        Hex/Summ       39%        N/A       22%         5
 Dispersal                Tloc           29%        N/A       22%         6
 Death's Door             Necr           62%        N/A       22%         9
 Plasma Beam              Fire/Air       19%        2x1d34    28%         6
 Chain Lightning          Conj/Air       42%        3d56      67%         9
 Fire Storm               Conj/Fire      42%        8d11      67%         9
 Summon Cactus Giant      Summ           19%        N/A       75%         6
 Ozocubu's Refrigeration  Ice            19%        4d11      82%         7
 Malign Gateway           Summ/Tloc      25%        N/A       96%         7
 Enfeeble                 Hex            19%        N/A       100%        7
 Monstrous Menagerie      Summ           19%        N/A       100%        7
 Summon Hydra             Summ           19%        N/A       100%        7
 Discord                  Hex            19%        N/A       100%        8
 Disjunction              Tloc           29%        N/A       100%        8
 Ignition                 Fire           19%        3d7       100%        8
 Maxwell's Capacitive Co  Air            19%        ∞         100%        8
 Summon Horrible Things   Summ           19%        N/A       100%        8
 Animate Armour           Summ/Erth      Unusable   N/A       N/A         4

Dungeon Overview and Level Annotations

Branches:
Dungeon (15/15)            Temple (1/1) D:5            Lair (5/5) D:11
  Swamp (4/4) Lair:3       Spider (4/4) Lair:3        Slime (5/5) Lair:4
    Orc (2/2) D:12            Elf (3/3) Orc:2        Vaults (5/5) D:13
  Crypt (3/3) Vaults:2       Tomb (3/3) Crypt:3      Depths (4/4) D:15
   Hell (visited)             Dis (7/7) Hell            Geh (7/7) Hell
    Coc (7/7) Hell            Tar (7/7) Hell            Zot (5/5) Depths:4
 Bailey (visited)          WizLab (visited)         Desolation (visited)

Altars:
Ashenzari
Cheibriados
Dithmenos
Elyvilon
Fedhas
Gozag
Hepliaklqana
Kikubaaqudgha
Makhleb
Nemelex Xobeh
Okawaru
Qazlal
Ru
Sif Muna
Trog
Uskayaw
Vehumet
Wu Jian
Xom
Yredelemnul
Zin
The Shining One
Jiyva
Lugonu

Shops:
D:5 *   D:6 ?   D:7 (   D:9 :   D:14 *   Orc:2 ([:![   Elf:2 ([
Vaults:5 :!=*?

Portals:
Hell: Depths:1 Depths:2 Depths:3 Depths:4
Abyss: Lair:5 Depths:1 Depths:2 Depths:3
Pandemonium: Depths:2
Ziggurat: Depths:3
Trove: D:11 (give 4 scrolls of fog)

Annotations:
D:3 Terence
D:6 1 runed translucent door, exclusion: door, Crazy Yiuf
D:15 Gloorx Vloq
Spider:2 Jorgrun
Elf:1 1 runed translucent door, exclusion: door, SlowGraham's ghost, veteran FoEE
Elf:2 3 runed translucent doors, 2 transporters
Tomb:1 exclusion: 2 downstairs
Tar:4 10 runed doors
Tar:7 exclusion: door
Zot:5 1 exclusion


Innate Abilities, Weirdness & Mutations

You are an undead lich.
Your unarmed attacks are suffused with negative energy.
You are immune to unholy pain and torment.
Your necromantic spells are more powerful.
You cannot drink.
You are immune to poison.
((You can breathe bolts of dispelling energy.))
Your rich purple scales are hard. (AC +13)
You cannot fit into any form of body armour.
You are cold-blooded and may be slowed by cold attacks.
You have large cloven feet.
Your flesh is cold resistant. (rC+)
You are robust. (+10% HP)


Message History

You feel a surge of power!
You extend your transformation's duration.
(D) Dungeon (T) Temple (L) Lair (S) Swamp (N) Spider Nest (M) Slime Pits (O) Orcish Mines (E) Elven Halls (V) Vaults (C) Crypt (W) Tomb (U) Depths (H) Hell (I) Dis (G) Gehenna (X) Cocytus (Y) Tartarus (Z) Zot
Where to? (Enter - D:1 @ (x,y), ? - help)
There is an open door here.
There is a stone staircase leading up here.
You fly upwards.
There is a stone staircase leading down here.
You see here a +0 ring mail.
There is an open door here.
A lorocyproca comes into view.
The lorocyproca gives a chilling moan.
There is a staircase leading out of the dungeon here.
Press: ? - help, v - describe, . - travel The floor.
This square is covered in magical glow.
A lorocyproca is nearby!
Unknown command.
Casting: Necromutation (mildly dangerous; 1% risk of failure)
Confirm with . or Enter, or press ? or * to list all spells.
Aiming: Lehudib's Crystal Spear (mildly dangerous; 1% risk of failure)
Press: ? - help, Shift-Dir - straight line, f - lorocyproca
Aim: a lorocyproca (slightly transparent, 81% to hit)
You feel a surge of power!
The crystal spear hits the lorocyproca!!!
The lorocyproca is almost dead.
Casting: Lehudib's Crystal Spear (mildly dangerous; 1% risk of failure)
Confirm with . or Enter, or press ? or * to list all spells.
Aiming: Lehudib's Crystal Spear (mildly dangerous; 1% risk of failure)
Press: ? - help, Shift-Dir - straight line, f/p - lorocyproca
Aim: a lorocyproca (almost dead, slightly transparent, 81% to hit)
You feel a surge of power!
The crystal spear hits the lorocyproca!!!
You kill the lorocyproca!
Vehumet accepts your kill.
You have escaped!

#...#~.~#≈≈≈# ##.## ##[
#...#~.~#§§§# #.## ##
###########...#~.~#≈..#
##.#####.
..........#...#...#...#
##.#....
#####.#####...........#
##.♣P♣. #.#
#...........# #.P♣♣.
#.# #...........#
#.P♣♣. #.#
#...........# ##P♣..
#####.# #.....L.....#
#.... ......#
#...........# #....
####### #############
#.### #.#
#################.#
#.................#
#.################# #.#
#############.#


There were no monsters in sight!

Vanquished Creatures
  Cerebov (Pan)
  Asmodeus (Geh:7)
  the Royal Jelly (Slime:5)
  Ereshkigal (Tar:7)
  the Serpent of Hell (Dis:7)
  Mnoleg (Pan)
  Lom Lobon (Pan)
  10 dread liches
  2 orbs of fire (Zot:5)
  7 ancient liches
  2 juggernauts
  32 royal mummies
  Margery (Crypt:1)
  23 shard shrikes
  2 Killer Klowns
  2 curse toes (Zot:2)
  Saint Roka (Elf:3)
  8 golden dragons
  18 caustic shrikes
  A mutant beast (WizLab)
  2 pandemonium lords
  5 profane servitors
  Geryon (Hell)
  21 bone dragons
  Arachne (Spider:4)
  17 Tzitzimimeh
  14 doom hounds
  3 electric golems
  7 hellephants
  18 Brimstone Fiends
  7 iron giants
  16 tentacled monstrosities
  18 Ice Fiends
  18 Hell Sentinels
  22 Orb Guardians
  A spectral shard shrike (Tar:2)
  2 deep elf master archers (Elf:3)
  A walking frostbound tome (Depths:3)
  19 titans
  A walking divine tome (Depths:3)
  5 quicksilver dragons
  14 tainted leviathans
  9 liches
  24 searing wretches
  A walking earthen tome (Depths:1)
  2 deep elf blademasters (Elf:3)
  15 Executioners
  11 acid blobs (Slime:5)
  12 death cobs
  2 tentacled starspawn (Abyss:2)
  18 sphinxes
  Murray (Hell)
  10 shadow dragons
  5 tengu reavers
  20 storm dragons
  27 ancient champions
  8 draconian knights
  Roxanne (Elf:1)
  2 thorn hunters (Swamp:3)
  14 azure jellies
  11 rockslimes
  The ghost of Zoefix the Phalangite, an adept MfHs of Okawaru (Spider:3)
  3 draconian monks
  A fenstrider witch (shapeshifter) (Depths:1)
  2 fenstrider witches
  3 revenants
  15 fire giants
  12 narguns
  3 demonspawn warmongers
  16 vault wardens
  11 quicksilver elementals
  2 deep elf sorcerers
  4 iron dragons
  14 frost giants
  3 imperial myrmidons (Desolation)
  Aizul (Spider:3)
  A ghost moth (Spider:4)
  5 shard shrike simulacra
  6 draconian scorchers
  40 balrugs
  Louise (Spider:2)
  8 deep elf elementalists
  3 curse skulls
  3 ghouls (Crypt:1)
  7 draconian stormcallers
  8 emperor scorpions
  3 draconian shifters (Zot:4)
  6 draconian annihilators
  A caustic shrike zombie (Hell)
  13 quicksilver oozes
  17 stone giants
  14 reapers
  16 cacodemons (Pan)
  4 spectral caustic shrikes
  34 war gargoyles
  2 juggernaut skeletons (Pan)
  4 broodmothers
  21 ironbound preservers
  4 demonspawn blood saints (Pan)
  33 very ugly things
  4 ironbound thunderhulks
  6 deep elf demonologists (Elf:3)
  A caustic shrike skeleton (Crypt:3)
  2 demonspawn corrupters (Pan)
  2 green draconians
  13 elemental wellsprings
  7 demonspawn black suns (Pan)
  19 putrid mouths
  2 vampire knights
  A bunyip (shapeshifter) (WizLab)
  6 eleionomae
  A halazid warlock (Desolation)
  15 purple draconians
  2 spectral titans
  7 white draconians
  16 bennus
  8 black draconians
  10 deep elf annihilators
  8 red draconians
  Azrael (D:13)
  8 yellow draconians
  9 spark wasps
  7 dire elephants
  15 wendigos
  4 bunyips
  8 lorocyprocas
  15 iron golems
  A spectral quicksilver dragon (Tar:1)
  14 ettins
  7 fire dragons
  14 green deaths
  8 blizzard demons
  6 ragged hierophants (Desolation)
  29 mummy priests
  8 deep elf death magi
  5 eidola
  A merfolk javelineer (Depths:2)
  4 deep elf high priests
  12 great orbs of eyes
  13 jiangshi
  3 crystal guardians
  3 spectral spriggans
  14 yaktaur captains
  20 hydras
  A quicksilver dragon skeleton (Crypt:1)
  2 quicksilver dragon zombies
  8 entropy weavers
  3 hell beasts
  9 caustic shrike simulacra
  7 ice dragons
  4 ironbound frosthearts
  8 servants of whispers (Desolation)
  3 spriggan skeletons (Pan)
  13 peacekeepers
  21 centaur warriors
  42 vault guards
  2 rakshasas
  2 ghost crabs (Swamp:4)
  2 jorogumos (Spider:4)
  6 salamander tyrants
  7 radroaches
  The ghost of Sleet the Grappler, a novice TrFi of Makhleb (Lair:1)
  2 catoblepae
  2 spriggan air magi (Depths:4)
  8 juggernaut simulacra
  25 dancing weapons
  5 two-headed ogres
  6 stokers
  9 alligators
  A two-headed ogre (shapeshifter) (WizLab)
  14 boulder beetles
  98 death scarabs
  A fenstrider witch skeleton (Tomb:2)
  A death knight (Crypt:3)
  10 death yaks
  3 orc high priests (Orc:2)
  3 tengu warriors (Depths:1)
  6 deep troll earth magi
  3 deep troll shamans
  41 hell hogs
  A shock serpent (shapeshifter) (WizLab)
  5 vampire magi
  4 thrashing horrors
  3 spriggan berserkers
  10 deep elf knights
  13 hell knights
  Sonja (Orc:2)
  54 sun demons
  A skyshark (Lair:4)
  3 shock serpents (Pan)
  3 crystal echidnas
  A storm dragon zombie (Hell)
  20 soul eaters
  2 fire crabs (shapeshifter)
  A spark wasp zombie (Hell)
  14 sixfirhies
  36 skeletal warriors
  26 shadow wraiths
  6 iron trolls (Depths:4)
  4 pharaoh ants
  13 swamp dragons
  2 golden dragon zombies (Hell)
  A death drake (shapeshifter) (WizLab)
  2 wretched stars (Abyss:2)
  2 goliath frogs
  51 deep trolls
  A spectral bunyip (Tar:1)
  4 spriggan druids
  A spectral anaconda (Tar:6)
  5 spatial maelstroms
  5 sun moths
  2 storm dragon skeletons
  2 sea snakes (shapeshifter) (WizLab)
  3 quicksilver dragon simulacra
  An obsidian statue (Depths:4)
  6 lindwurms
  3 glowing orange brains
  3 spriggan simulacra
  10 orb spiders
  13 bog bodies
  9 flayed ghosts
  A shadow demon (Pan)
  19 ironbound convokers
  13 deep elf archers
  26 wizards
  A shadow dragon zombie (Hell)
  11 harpies (Vaults:2)
  16 steelbarb worms
  An oklob plant (Lair:4)
  A harpy (shapeshifter) (WizLab)
  19 deep elf pyromancers
  30 deep elf zephyrmancers
  4 anaconda skeletons
  3 starcursed masses (Abyss:2)
  7 phantasmal warriors
  A lindwurm (shapeshifter) (WizLab)
  5 necromancers
  4 fire giant zombies
  70 ugly things
  A sphinx zombie (Hell)
  A shadow dragon skeleton (D:15)
  7 orc knights
  6 orc sorcerers
  A shining eye (shapeshifter) (Depths:1)
  3 will-o-the-wisps
  21 wolf spiders
  A manticore (D:14)
  A jorogumo skeleton (Crypt:3)
  8 cyclopes
  10 elephants
  4 shining eyes
  2 iron dragon skeletons (Pan)
  A spectral ettin (Tar:2)
  A tengu skeleton (Vaults:2)
  30 moths of wrath
  3 frost giant skeletons (Vaults:2)
  3 stone giant skeletons
  A fire giant skeleton (D:15)
  A guardian serpent (shapeshifter) (WizLab)
  4 guardian serpents
  13 rust devils
  A titan simulacrum (Coc:3)
  A spectral centaur (Tar:2)
  4 black mambas
  4 torpor snails
  24 orange demons
  28 smoke demons
  3 eyes of devastation
  19 vault sentinels
  14 demonic crawlers
  2 alligator snapping turtle zombies
  20 hellions
  Joseph (D:7)
  10 cane toads
  2 naga skeletons (Pan)
  2 centaur skeletons (Pan)
  10 komodo dragons
  An unseen horror (shapeshifter) (WizLab)
  5 unseen horrors
  2 rime drakes (shapeshifter) (WizLab)
  A kobold demonologist (Elf:1)
  2 sea snake zombies (Hell)
  2 elves (WizLab)
  6 ice devils
  2 komodo dragons (shapeshifter)
  27 yaktaurs
  5 rime drakes
  31 tormentors
  2 bunyip simulacra (Coc:2)
  3 spectral nagas
  3 ancient zymes
  2 iron giant simulacra
  A minotaur skeleton (Tomb:2)
  3 anaconda simulacra
  11 efreet
  6 freezing wraiths
  A spectral harpy (Tar:5)
  64 guardian mummies
  2 yaktaur skeletons (Vaults:2)
  2 golden dragon simulacra
  A spectral deep troll (Tar:2)
  3 tengu conjurers
  9 red devils
  6 trolls
  6 meliai
  2 harpy zombies (Tomb:2)
  A catoblepas skeleton (Crypt:1)
  A troll (shapeshifter) (WizLab)
  2 bloated husks (Swamp:2)
  A sea snake skeleton (Hell)
  A silent spectre (Tar:5)
  10 hellwings
  A polar bear (Lair:2)
  23 tarantellas
  18 hornets
  A hydra skeleton (Hell)
  3 raiju (Abyss:4)
  A hornet (shapeshifter) (WizLab)
  A raiju (shapeshifter) (WizLab)
  A wind drake (shapeshifter) (WizLab)
  An alligator zombie (Hell)
  A spriggan zombie (Hell)
  5 dream sheep (Lair:3)
  An ettin zombie (Hell)
  32 blink frogs
  A snapping turtle (shapeshifter) (WizLab)
  8 tyrant leeches
  56 saltlings
  25 culicivoras
  A stone giant simulacrum (Coc:1)
  22 flying skulls
  69 slime creatures
  29 jumping spiders
  A shadow (D:11)
  3 dire elephant simulacra
  8 spriggans
  A spriggan (shapeshifter) (WizLab)
  10 ynoxinuls
  2 air elementals
  2 culicivoras (shapeshifter) (WizLab)
  9 water elementals
  A yak (shapeshifter) (Vaults:5)
  4 wyverns
  An ettin skeleton (Pan)
  7 wraiths
  2 centaur simulacra
  25 ushabtiu
  48 large abominations
  A vampire (D:9)
  4 humans (WizLab)
  2 black mamba skeletons
  A golden eye (shapeshifter) (WizLab)
  A steam dragon (D:7)
  53 yaks
  11 basilisks
  3 basilisks (shapeshifter)
  5 fire elementals
  2 humans (shapeshifter) (WizLab)
  29 neqoxecs
  A steam dragon (shapeshifter) (Vaults:2)
  17 golden eyes
  A hog (shapeshifter) (WizLab)
  Grum (D:11)
  8 chaos spawn
  2 death yak simulacra (Lair:5)
  63 redbacks
  15 swamp worms
  4 wargs
  20 vampire mosquitoes
  A naga (shapeshifter) (D:14)
  A warg (shapeshifter) (WizLab)
  3 acid dragons (D:12)
  12 harpy simulacra
  A water nymph zombie (Crypt:1)
  A glowing shapeshifter zombie (Hell)
  17 water moccasins
  A water moccasin (shapeshifter) (WizLab)
  2 hell hounds (D:13)
  A hydra simulacrum (Hell)
  An ogre skeleton (Vaults:2)
  A tengu zombie (Hell)
  A glowing shapeshifter skeleton (Vaults:2)
  3 ice beasts
  7 floating eyes
  A two-headed ogre skeleton (Tomb:2)
  9 swamp drakes
  4 black bears
  A floating eye (shapeshifter) (Vaults:5)
  A sky beast (D:8)
  30 orc warriors
  A sky beast (shapeshifter) (Elf:1)
  3 ettin simulacra
  A boggart (shapeshifter) (WizLab)
  A boggart (Elf:1)
  4 ogres
  11 centaurs
  21 wolves
  A manticore skeleton (Crypt:3)
  A fire crab zombie (Crypt:2)
  An elf simulacrum (Vaults:2)
  23 small abominations
  2 human zombies
  A necrophage (Crypt:1)
  7 kobold brigands
  8 earth elementals
  12 bullfrogs
  2 cane toad simulacra (Lair:5)
  7 scorpions
  A glowing shapeshifter simulacrum (Vaults:2)
  A naga simulacrum (Coc:2)
  A wyvern zombie (Crypt:2)
  A gnoll sergeant (D:13)
  4 human skeletons (Vaults:2)
  A cyclops skeleton (Crypt:1)
  A water moccasin skeleton (Crypt:1)
  2 elephant simulacra (Lair:5)
  9 killer bees (D:9)
  A swamp dragon simulacrum (Coc:1)
  8 electric eels
  10 howler monkeys
  8 crimson imps (Pan)
  A lava snake (D:11)
  4 hounds (D:6)
  A gnoll bouda (Orc:1)
  16 orc priests
  2 sleepcaps (D:6)
  7 jellies
  Jessica (D:2)
  8 iguanas
  17 orc wizards
  2 polar bear simulacra (Lair:3)
  3 yak simulacra (Lair:3)
  4 wolf simulacra
  An ice beast zombie (Crypt:1)
  An ogre zombie (Crypt:3)
  48 mummies
  12 gnolls
  8 adders
  A swamp drake skeleton (Crypt:1)
  2 shadow imps (Tar:7)
  A howler monkey simulacrum (D:11)
  5 white imps
  3 ufetubi
  An adder skeleton (Crypt:3)
  5 worms
  A dart slug (D:2)
  58 orcs
  2 endoplasms
  7 giant cockroaches
  10 goblins
  3 hobgoblins
  A quokka (D:3)
  3 training dummies (D:7)
  13 ball pythons
  8 bats
  6 frilled lizards
  16 kobolds
  2 rats
  3 river rat simulacra (Lair:3)
  A river rat zombie (Crypt:2)
  3 creeping infernos
  14 fire vortices
  A starspawn tentacle (Abyss:2)
3907 creatures vanquished.

Vanquished Creatures (collateral kills)
  Antaeus (Coc:7)
  A dread lich (Zot:5)
  A Killer Klown (Zot:5)
  A golden dragon (Zot:5)
  A profane servitor (Tar:7)
  2 Tzitzimimeh (Tar:7)
  A hellephant (Geh:5)
  2 searing wretches
  A storm dragon (Zot:5)
  A fire giant (Geh:7)
  7 balrugs (Geh:7)
  A juggernaut skeleton (Pan)
  A war gargoyle (Dis:7)
  A red draconian (Zot:5)
  A salamander tyrant (Geh:7)
  4 stokers
  A hell hog (Geh:3)
  A moth of wrath (Zot:5)
  A dire elephant skeleton (Pan)
  7 fire vortices
37 creatures vanquished.

Vanquished Creatures (others)
  A shard shrike (Coc:4)
  An elemental wellspring (Coc:7)
  A green death (Pan)
  A stoker (Geh:7)
  A saltling (Desolation)
  A ynoxinul (Pan)
  A harpy simulacrum (Coc:4)
  3 ball lightnings (Pan)
  3 bushes (Lair:2)
  2 fire vortices (Pan)
  12 foxfires (Swamp:2)
  62 fungi
  94 plants
  3 starspawn tentacles (Abyss:2)
  3 withered plants (D:15)
189 creatures vanquished.

Grand Total: 4133 creatures vanquished

Notes
Turn   | Place    | Note
-------+----------+-------------------------------------------
     0 | D:1      | Wizard1ke the Draconian Earth Elementalist began the quest
                  | for the Orb.
     0 | D:1      | Reached XP level 1. HP: 14/14 MP: 3/3
   382 | D:1      | Reached XP level 2. HP: 20/20 MP: 3/5
   547 | D:1      | Learned a level 2 spell: Passwall
   566 | D:1      | Reached skill level 1 in Conjurations
   925 | D:1      | Found a faded altar of an unknown god.
   925 | D:1      | Noticed a Brimstone Fiend
  1373 | D:2      | Noticed Jessica
  1474 | D:2      | Reached XP level 3. HP: 21/26 MP: 1/6
  1478 | D:2      | Learned a level 3 spell: Stone Arrow
  1587 | D:2      | Killed Jessica
  2217 | D:2      | Reached XP level 4. HP: 33/33 MP: 6/8
  2989 | D:3      | Found a radiant altar of Vehumet.
  2993 | D:3      | Became a worshipper of Vehumet
  3244 | D:3      | Noticed Terence
  3462 | D:4      | Found a sacrificial altar of Ru.
  3541 | D:4      | Reached XP level 5. HP: 38/38 MP: 5/9
  3855 | D:4      | Found a bloodstained altar of Trog.
  4199 | D:4      | Reached * piety under Vehumet
  4199 | D:4      | Offered knowledge of Shock by Vehumet.
  4614 | D:5      | Entered Level 5 of the Dungeon
  4624 | D:5      | Reached XP level 6. HP: 38/45 MP: 7/11
  4674 | D:5      | Found a staircase to the Ecumenical Temple.
  4681 | Temple   | Entered the Ecumenical Temple
  4917 | D:5      | Noticed a water moccasin
  4923 | D:5      | Killed a water moccasin
  5055 | D:5      | Reached skill level 5 in Earth Magic
  5256 | D:5      | Your scales start taking on a rich purple colour.
  5256 | D:5      | Reached skill level 5 in Spellcasting
  5256 | D:5      | Reached XP level 7. HP: 50/50 MP: 7/15
  5382 | D:5      | Found a glowing silver altar of Zin.
  5420 | D:5      | Found Gozag's Platinum Reserve.
  5423 | D:5      | Found an opulent altar of Gozag.
  5585 | D:5      | Learned a level 4 spell: Petrify
  5588 | D:5      | Learned a level 2 spell: Blink
  5594 | D:5      | Learned a level 5 spell: Borgnjor's Vile Clutch
  5876 | D:6      | Reached skill level 1 in Translocations
  6195 | D:6      | Reached XP level 8. HP: 54/57 MP: 15/17
  6200 | D:6      | Reached skill level 5 in Conjurations
  6507 | D:6      | Reached ** piety under Vehumet
  6754 | D:6      | Offered knowledge of Static Discharge by Vehumet.
  6996 | D:6      | Found Pubiu's Magic Scroll Boutique.
  7005 | D:6      | Bought a scroll of teleportation for 30 gold pieces
  7005 | D:6      | Bought a scroll of amnesia for 40 gold pieces
  7005 | D:6      | Bought a scroll of poison for 40 gold pieces
  7005 | D:6      | Bought a scroll of poison for 40 gold pieces
  7005 | D:6      | Bought a scroll of blinking for 75 gold pieces
  7005 | D:6      | Bought a scroll of vulnerability for 40 gold pieces
  7170 | D:6      | Found a runed translucent door.
  7171 | D:6      | Noticed Crazy Yiuf
  7321 | D:7      | Noticed Joseph
  7834 | D:7      | Reached XP level 9. HP: 62/62 MP: 18/20
  7971 | D:7      | Found Zuchublu's Firing Range.
  8064 | D:7      | Killed Joseph
  8065 | D:7      | Reached skill level 1 in Necromancy
  8451 | D:8      | Identified the +3 falchion "Seipnois" {heavy, rF+ Str-2
                  | Int+8}
  9139 | D:7      | Reached XP level 10. HP: 69/69 MP: 10/22
  9451 | D:8      | Offered knowledge of Poisonous Vapours by Vehumet.
 10002 | D:9      | Reached skill level 5 in Necromancy
 10115 | D:9      | Reached *** piety under Vehumet
 11435 | D:9      | Found Diolisoh's Vocational Training.
 11443 | D:9      | Reached skill level 10 in Spellcasting
 11505 | D:9      | Found a shadowy altar of Dithmenos.
 11979 | D:10     | Entered Level 10 of the Dungeon
 12068 | D:10     | Found a flagged portal.
 12084 | D:10     | Reached XP level 11. HP: 66/74 MP: 7/25
 12275 | Bailey   | Entered a bailey
 12296 | Bailey   | Offered knowledge of Ignite Poison by Vehumet.
 12676 | Bailey   | Found a burning altar of Makhleb.
 12682 | Bailey   | Identified the +8 trident of Baleful Subterfuge {drain, rC-
                  | MP+9 Int+4 Stlth+}
 12824 | D:10     | Noticed a two-headed ogre
 12829 | D:10     | Killed a two-headed ogre
 12830 | D:10     | Reached skill level 1 in Evocations
 12948 | D:10     | Noticed a two-headed ogre
 12952 | D:10     | Killed a two-headed ogre
 12953 | D:10     | Reached skill level 10 in Earth Magic
 13028 | D:10     | Learned a level 3 spell: Ignite Poison
 13037 | D:10     | Learned a level 8 spell: Lehudib's Crystal Spear
 13318 | D:10     | Noticed a two-headed ogre
 13324 | D:10     | Killed a two-headed ogre
 13631 | D:11     | Reached skill level 10 in Conjurations
 13705 | D:11     | Reached **** piety under Vehumet
 13929 | D:11     | Noticed Grum
 13936 | D:11     | Killed Grum
 13936 | D:11     | Offered knowledge of Sticky Flame by Vehumet.
 14219 | D:11     | Noticed a purple ugly thing
 14223 | D:11     | Killed a purple ugly thing
 14349 | D:11     | Noticed a flayed ghost
 14384 | D:11     | Found a portal to a secret trove of treasure.
 14615 | D:11     | Noticed a two-headed ogre
 14620 | D:11     | Killed a two-headed ogre
 14700 | D:11     | Noticed a cyan ugly thing
 14705 | D:11     | Killed a cyan ugly thing
 14869 | D:11     | Reached XP level 12. HP: 81/81 MP: 17/26
 15181 | D:11     | Found a staircase to the Lair.
 15625 | D:11     | Got the Vademecum on Skeletons and the Shot
 15636 | D:11     | Learned a level 6 spell: Iron Shot
 15821 | Lair:1   | Entered Level 1 of the Lair of Beasts
 16046 | Lair:1   | Found a transporter.
 16540 | Lair:1   | Found a transporter.
 16544 | Lair:1   | Noticed Sleet's ghost (novice TrFi)
 16577 | Lair:1   | Reached skill level 1 in Fighting
 16578 | Lair:1   | Reached skill level 1 in Shields
 16676 | Lair:1   | Reached ***** piety under Vehumet
 16938 | Lair:1   | Offered knowledge of Conjure Ball Lightning by Vehumet.
 17826 | Lair:2   | Noticed a five-headed hydra
 17829 | Lair:2   | Killed a five-headed hydra
 18113 | Lair:2   | Noticed a death yak
 18213 | Lair:2   | Noticed a death yak
 18216 | Lair:2   | Noticed a death yak
 18216 | Lair:2   | Noticed a death yak
 18330 | Lair:2   | Noticed a death yak
 18332 | Lair:2   | Noticed a death yak
 18333 | Lair:2   | Noticed a death yak
 18335 | Lair:2   | Killed a death yak
 18403 | Lair:2   | Noticed a four-headed hydra
 18405 | Lair:2   | Killed a four-headed hydra
 18510 | Lair:2   | Noticed a death yak
 18511 | Lair:2   | Noticed a death yak
 18514 | Lair:2   | Killed a death yak
 18600 | Lair:2   | Killed a death yak
 18601 | Lair:2   | Reached XP level 13. HP: 96/96 MP: 7/27
 19727 | Lair:2   | Reached skill level 5 in Fighting
 21202 | Lair:3   | Found a hole to the Spider Nest.
 21205 | Lair:3   | Reached skill level 5 in Shields
 21567 | Lair:3   | Found a staircase to the Swamp.
 23181 | Lair:4   | Found a viscous altar of Jiyva.
 23864 | Lair:5   | Entered Level 5 of the Lair of Beasts
 24672 | Lair:5   | Reached XP level 14. HP: 107/107 MP: 2/28
 24940 | Lair:5   | Offered knowledge of Plasma Beam by Vehumet.
 26325 | Lair:5   | Reached skill level 10 in Necromancy
 27518 | Lair:5   | Found a corrupted altar of Lugonu.
 27518 | Lair:5   | Found a one-way gate to the infinite horrors of the Abyss.
 29281 | D:12     | Found a staircase to the Orcish Mines.
 30662 | D:13     | Noticed Azrael
 30685 | D:12     | Offered knowledge of Irradiate by Vehumet.
 30693 | D:12     | Learned a level 5 spell: Irradiate
 31312 | D:13     | Killed Azrael
 31468 | D:13     | Reached skill level 5 in Evocations
 31475 | D:13     | Reached XP level 15. HP: 123/123 MP: 3/29
 32618 | D:13     | Found a gate to the Vaults.
 33127 | Orc:1    | Entered Level 1 of the Orcish Mines
 33640 | Orc:2    | Entered Level 2 of the Orcish Mines
 33852 | Orc:2    | Noticed Sonja
 33855 | Orc:2    | Killed Sonja
 33899 | Orc:2    | Found Diytsuh's Antique Weapon Shop.
 33940 | Orc:2    | Found a staircase to the Elven Halls.
 34439 | Orc:2    | Paralysed by an orc sorcerer for 4 turns
 34448 | Orc:2    | Offered knowledge of Freezing Cloud by Vehumet.
 35090 | Orc:2    | Reached skill level 10 in Fighting
 35173 | Orc:2    | Found Osuogh's Book Shoppe.
 35173 | Orc:2    | Found Ecusaugg's Antique Armour Shoppe.
 35174 | Orc:2    | Found Visoar's Armour Shop.
 35174 | Orc:2    | Found Syonnoj's Distillery.
 35602 | Orc:1    | Reached skill level 5 in Transmutations
 35879 | Orc:2    | Bought a book of Cantrips for 204 gold pieces
 35879 | Orc:2    | Bought a book of Blasting for 680 gold pieces
 36133 | D:14     | Found Gigis's Assorted Antiques.
 36818 | D:14     | Found an ancient bone altar of Kikubaaqudgha.
 37036 | D:15     | Entered Level 15 of the Dungeon
 37243 | D:14     | Reached skill level 10 in Shields
 37853 | D:15     | Identified a scroll of acquirement
 37863 | D:15     | Found a staircase to the Depths.
 38037 | D:15     | Noticed Nessos
 38039 | D:15     | Nessos changed into Nessos the redback
 38039 | D:15     | Noticed Nessos
 38041 | D:15     | Killed Nessos the redback
 38969 | D:9      | Bought a manual of Evocations for 1200 gold pieces
 38969 | D:9      | Acquired the staff of death "Geojelai" {Fly rPois rC+ rN+}
 38972 | D:9      | Acquired the amulet of Hitienitz {RegenMP Str+6}
 39102 | Swamp:1  | Entered Level 1 of the Swamp
 39629 | Swamp:1  | Reached XP level 16. HP: 105/134 MP: 12/31
 40789 | Swamp:3  | Noticed a tentacled monstrosity
 40795 | Swamp:3  | Killed a tentacled monstrosity
 40931 | Swamp:3  | Noticed a thorn hunter
 40935 | Swamp:3  | Killed a thorn hunter
 41233 | Swamp:3  | Noticed a thorn hunter
 41238 | Swamp:3  | Killed a thorn hunter
 41555 | Swamp:4  | Entered Level 4 of the Swamp
 41917 | Swamp:4  | Reached skill level 10 in Evocations
 42256 | Swamp:4  | Offered knowledge of Fireball by Vehumet.
 42257 | Swamp:4  | Reached skill level 5 in Dodging
 42350 | Swamp:4  | Reached skill level 15 in Conjurations
 42350 | Swamp:4  | Reached skill level 15 in Earth Magic
 42636 | Swamp:4  | Reached XP level 17. HP: 137/140 MP: 19/33
 42792 | Swamp:4  | Got a decaying rune of Zot
 43040 | Spider:1 | Entered Level 1 of the Spider Nest
 43919 | Spider:2 | Noticed Louise
 44000 | Spider:2 | Acquired the amulet of Qiac Vyg {RegenMP Will+ Regen+
                  | Str+3}
 44442 | Spider:2 | Reached skill level 10 in Transmutations
 44446 | Spider:2 | Reached ****** piety under Vehumet
 44593 | Spider:2 | Killed Louise
 44940 | Spider:2 | Noticed Jorgrun
 45364 | Spider:2 | Paralysed by a hornet for 3 turns
 45477 | Spider:2 | Offered knowledge of Ozocubu's Refrigeration by Vehumet.
 46473 | Spider:3 | Found a runed translucent door.
 46475 | Spider:3 | Noticed Zoefix's ghost (adept MfHs)
 46475 | Spider:3 | Found the +12 glaive of Prune {freeze, Prune}
 46483 | Spider:3 | Killed Zoefix's ghost
 46488 | Spider:3 | Gained mutation: You have large cloven feet. [mutagenic
                  | glow]
 46491 | Spider:3 | Identified the staff of fire "Xekonea" {rF+ Int+3}
 46643 | Lair:1   | Identified the +4 helmet of Yqownuel {rC+ rCorr}
 46694 | Lair:1   | Killed Sleet's ghost
 47191 | Spider:3 | Noticed Aizul
 47197 | Spider:3 | Killed Aizul
 47422 | Spider:4 | Entered Level 4 of the Spider Nest
 47424 | Spider:4 | Noticed Arachne
 47470 | Spider:4 | Reached XP level 18. HP: 147/147 MP: 17/34
 47473 | Spider:3 | Reached XP level 19. HP: 154/154 MP: 16/36
 47474 | Spider:3 | Reached XP level 20. HP: 161/161 MP: 17/38
 47513 | Spider:4 | Offered knowledge of Ignition by Vehumet.
 47515 | Spider:4 | Killed Arachne
 48172 | Spider:4 | Reached skill level 15 in Spellcasting
 48578 | Spider:4 | Offered knowledge of Fire Storm by Vehumet.
 48578 | Spider:4 | Offered knowledge of Shatter by Vehumet.
 48578 | Spider:4 | Offered knowledge of Maxwell's Capacitive Coupling by
                  | Vehumet.
 48594 | Spider:4 | Identified the +2 hat "Doel" {+Blink rElec Str-2}
 48697 | Spider:4 | Got a gossamer rune of Zot
 49448 | Vaults:1 | Entered Level 1 of the Vaults
 51280 | Vaults:2 | Found a crumbling gateway.
 51317 | Desolati | Entered the Desolation of Salt
 51594 | Desolati | Identified the ring "Oserr" {rN+ Dex+6}
 51601 | Desolati | Reached XP level 21. HP: 168/168 MP: 19/40
 51641 | Desolati | Identified the +0 pair of gloves of Opucs {rF+++ rN++ Will-
                  | SInv}
 51673 | Desolati | Identified the staff of death "Vegriss" {rF+ rN+ Will+
                  | Int-2 Dex+4}
 51677 | Desolati | Got the Parchment of Inhalation and the Stinger
 51759 | Desolati | Identified the ring "Gaexadd" {rElec rF+ rN+ Will+}
 51859 | Desolati | Identified the +2 hand axe "Kyhodogy" {chaos, rN+ Will-
                  | Dex+3}
 52019 | Desolati | Got the Parchment of Pyromancy
 52029 | Desolati | Identified the ring of Hatywk {rPois rF+ Int-3 SInv Stlth+}
 52043 | Desolati | Identified the ring of Xuko {Will- EV+5 Dex+5}
 52343 | Desolati | Identified the amulet of Cowardice {Reflect Fragile +Blink
                  | Str+7 SH+5}
 52746 | Vaults:2 | Learned a level 9 spell: Shatter
 52754 | Vaults:2 | Learned a level 7 spell: Spellforged Servitor
 53572 | Vaults:2 | Found a staircase to the Crypt.
 53783 | Vaults:2 | Gained mutation: You occasionally lose the ability to drink
                  | potions when taking damage. [mutagenic glow]
 55119 | Vaults:3 | Reached XP level 22. HP: 184/184 MP: 27/44
 57571 | Vaults:5 | Entered Level 5 of the Vaults
 57573 | Vaults:5 | Reached skill level 15 in Fighting
 57807 | Elf:1    | Entered Level 1 of the Elven Halls
 58023 | Elf:1    | Identified the +0 acid dragon scales "Ipethri" {Harm rN+
                  | Will+ Regen+ rCorr}
 58604 | Elf:1    | Identified Roxanne's Catalogue of the Fault
 58604 | Elf:1    | Noticed Roxanne
 58607 | Elf:1    | Killed Roxanne
 58737 | Elf:1    | Found a runed translucent door.
 58738 | Elf:1    | Noticed SlowGraham's ghost (veteran FoEE)
 58740 | Elf:1    | Found a shimmering altar of Xom.
 58990 | Elf:1    | Reached XP level 23. HP: 199/199 MP: 43/46
 59328 | Elf:2    | Found a shimmering altar of Xom.
 59528 | Elf:2    | Found a runed translucent gate.
 59529 | Elf:2    | Found a runed translucent gate.
 59529 | Elf:2    | Found a runed translucent gate.
 59558 | Elf:2    | Found Mawig's Antique Weapon Shoppe.
 59609 | Elf:2    | Found a transporter.
 59609 | Elf:2    | Found Pajyschore's Armour Shop.
 59619 | Elf:2    | Found a transporter.
 59622 | Elf:2    | Identified the +2 cloak of the Zebra {+Blink rPois Str+3
                  | Int-3}
 59764 | Elf:3    | Entered Level 3 of the Elven Halls
 59764 | Elf:3    | Noticed Saint Roka
 59768 | Elf:3    | Killed Saint Roka
 59950 | Elf:3    | Identified the ring "Reta" {rN+ rCorr Str+2 Int+3 Dex-2}
 60257 | Elf:3    | Identified the +7 falchion of the Wolf {heavy, rPois Str+3}
 60656 | Elf:3    | Got Otouck's Precepts of Battling
 60735 | Elf:3    | Got the Encyclopedia of Bewitchment
 60743 | Elf:3    | Identified the +2 lajatang of the Crushed Invaders {heavy,
                  | rF+ rC- rN+}
 60745 | Elf:3    | Found the +7 great mace "Undeadhunter" {deathbane, rN+}
 60753 | Elf:3    | Identified the +1 mace "Zuduniud" {flame, Dex+4}
 60767 | Elf:3    | Identified the +5 spear "Zeuttig" {spect, Int+4}
 60779 | Elf:3    | Got the Almanac of Overcast Pyromania
 61170 | Depths:1 | Entered Level 1 of the Depths
 61402 | Depths:1 | Found a gateway to Hell.
 61833 | Depths:1 | Found an ornate altar of the Wu Jian Council.
 62116 | Depths:1 | Identified the amulet of Funweed {Acrobat Dex+2}
 62120 | Depths:1 | Identified the +2 war axe of the Unbearable God {speed, rF-
                  | rN+++ Int-3 Dex+4}
 62417 | Depths:2 | Identified the ring of Elepniwk {rF+ Will++ Int-2 Slay+3
                  | Stlth+}
 62866 | Depths:2 | Noticed an ancient lich
 62868 | Depths:2 | Killed an ancient lich
 62972 | Depths:2 | Reached XP level 24. HP: 206/206 MP: 12/46
 63383 | Depths:2 | Identified the +0 leather armour of Mezcal {Str+2}
 63656 | Depths:2 | Found a one-way gate leading to the halls of Pandemonium.
 64179 | Depths:3 | Noticed a juggernaut
 64180 | Depths:3 | Noticed an ancient lich
 64181 | Depths:3 | Killed an ancient lich
 64181 | Depths:3 | Killed a juggernaut
 64430 | Depths:3 | Found a one-way gateway to a ziggurat.
 65087 | Depths:4 | Entered Level 4 of the Depths
 65684 | Depths:3 | Reached skill level 27 in Earth Magic
 66187 | Depths:4 | Identified the +0 shortbow "Kaimpi" {flame, rF+}
 66330 | Depths:4 | Noticed a juggernaut
 66338 | Depths:4 | Killed a juggernaut
 66410 | Depths:4 | Found a gate to the Realm of Zot.
 67206 | Vaults:5 | Noticed a dread lich
 67206 | Vaults:5 | Noticed a dread lich
 67210 | Vaults:5 | Killed a dread lich
 67210 | Vaults:5 | Killed a dread lich
 67215 | Vaults:5 | Noticed an ancient lich
 67229 | Vaults:4 | Gained mutation: You occasionally lose the ability to read
                  | scrolls when taking damage. [mutagenic glow]
 67237 | Vaults:4 | Lost mutation: You occasionally lose the ability to read
                  | scrolls when taking damage. [potion of mutation]
 67237 | Vaults:4 | Lost mutation: You occasionally lose the ability to drink
                  | potions when taking damage. [potion of mutation]
 67237 | Vaults:4 | Gained mutation: You are robust. (+10% HP) [potion of
                  | mutation]
 67237 | Vaults:4 | Gained mutation: Your flesh is cold resistant. (rC+)
                  | [potion of mutation]
 67393 | Vaults:5 | Identified the +2 leather armour of Gluttony {Harm rPois
                  | Dex-5}
 67394 | Vaults:5 | Killed an ancient lich
 67395 | Vaults:5 | Reached XP level 25. HP: 223/234 MP: 32/46
 67404 | Vaults:5 | Noticed a dread lich
 67407 | Vaults:5 | Found Finep's Jewellery Shop.
 67412 | Vaults:5 | Found Waeruday's Distillery.
 67417 | Vaults:5 | Found Wapailih's General Store.
 67801 | Vaults:5 | Got a silver rune of Zot
 67835 | Vaults:5 | Learned a level 8 spell: Necromutation
 67934 | Vaults:5 | Found Cayjekhlao's Book Shop.
 67964 | Vaults:5 | Identified the +9 trident "Mokh" {venom, rN+}
 67975 | Vaults:5 | Killed a dread lich
 68114 | Vaults:5 | Bought a potion of attraction for 54 gold pieces
 68114 | Vaults:5 | Bought a potion of curing for 54 gold pieces
 68114 | Vaults:5 | Bought a potion of ambrosia for 144 gold pieces
 68114 | Vaults:5 | Bought a potion of lignification for 54 gold pieces
 68114 | Vaults:5 | Bought 2 potions of haste for 360 gold pieces
 68135 | Vaults:5 | Found Elarag's Magic Scroll Boutique.
 68139 | Vaults:5 | Bought a scroll of immolation for 56 gold pieces
 68143 | Vaults:5 | Bought a scroll of teleportation for 45 gold pieces
 68143 | Vaults:5 | Bought a scroll of acquirement for 780 gold pieces
 68143 | Vaults:5 | Bought a scroll of blinking for 112 gold pieces
 68143 | Vaults:5 | Bought a scroll of fog for 60 gold pieces
 68143 | Vaults:5 | Bought a scroll of teleportation for 45 gold pieces
 68149 | Vaults:5 | Acquired the staff of earth "Tagrubush" {rC+ Str+3}
 68264 | Vaults:5 | Found the necklace of Bloodlust {Fury *Rage Will++ Int-3
                  | Slay+6}
 68267 | Vaults:5 | Got the Elucidation of the Mutable Arsonist
 68426 | Vaults:5 | Identified the +4 great mace of Lust {flame, Str+4}
 68919 | Zot:1    | Entered Level 1 of the Realm of Zot
 69981 | Zot:1    | Reached skill level 15 in Necromancy
 69981 | Zot:1    | Reached skill level 15 in Transmutations
 70685 | Zot:2    | Found a stormy altar of Qazlal.
 70790 | Zot:2    | Found a shimmering altar of Xom.
 72109 | Zot:4    | Noticed a Killer Klown
 72112 | Zot:4    | Killed a Killer Klown
 72394 | Zot:4    | Reached XP level 26. HP: 178/243 MP: 30/46
 73441 | Zot:5    | Entered Level 5 of the Realm of Zot
 73918 | Pan      | Entered Pandemonium
 74004 | Pan      | Entered the realm of Mnoleg.
 74798 | Pan      | Noticed Mnoleg
 74875 | Pan      | Killed Mnoleg
 74958 | Pan      | Got a glowing rune of Zot
 75429 | Pan      | Found an exit through the horrors of the Abyss.
 75954 | Pan      | Noticed Lostuu the pandemonium lord
 75962 | Pan      | Killed Lostuu the pandemonium lord
 76191 | Pan      | Got a demonic rune of Zot
 76541 | Pan      | Reached XP level 27. HP: 243/249 MP: 27/46
 76593 | Pan      | Found a transporter.
 76593 | Pan      | Found a transporter.
 76842 | Pan      | Entered the realm of Cerebov.
 77029 | Pan      | Found an exit through the horrors of the Abyss.
 77531 | Pan      | Identified the ring "Eperphoi" {rPois rN++ rCorr MP+9 SInv}
 77840 | Pan      | Identified the +8 chain mail "Pacat" {+Blink rC+ Dex-4}
 78040 | Pan      | Identified the staff of cold "Moliotub" {rPois rC+ MP+9
                  | Int-3}
 78179 | Pan      | Found the +6 sword of Cerebov {flame}
 78179 | Pan      | Noticed Cerebov
 78580 | Pan      | Killed Cerebov
 78696 | Pan      | Identified the staff of fire "Nefefo Duxu" {rF+ Str+2}
 78701 | Pan      | Identified the staff of cold "Noukhen" {rC+ SInv}
 78773 | Pan      | Got a fiery rune of Zot
 79115 | Pan      | Noticed Beufess the pandemonium lord
 79421 | Pan      | Entered the realm of Lom Lobon.
 79819 | Pan      | Noticed Lom Lobon
 79839 | Pan      | Killed Lom Lobon
 79937 | Pan      | Got a magical rune of Zot
 80071 | Pan      | Entered the realm of Gloorx Vloq.
 80639 | Pan      | Noticed Gloorx Vloq
 80999 | Pan      | Learned a level 1 spell: Apportation
 81000 | Pan      | Got a dark rune of Zot
 81238 | Pan      | Identified the +3 chain mail of Chimes {Harm rF++ Stlth-}
 81504 | Pan      | Found an exit through the horrors of the Abyss.
 81548 | Pan      | Took an exit into the Abyss.
 81548 | Abyss:1  | Escaped into the Abyss
 81548 | Abyss:1  | Found a corrupted altar of Lugonu.
 81548 | Abyss:1  | Found a corrupted altar of Lugonu.
 81618 | Abyss:2  | Found a corrupted altar of Lugonu.
 81913 | Abyss:3  | Noticed an ancient lich
 81951 | Abyss:4  | Got an abyssal rune of Zot
 81956 | Depths:2 | Escaped the Abyss
 82213 | Lair:4   | Found a staircase to the Slime Pits.
 82243 | Slime:1  | Entered Level 1 of the Pits of Slime
 82413 | Slime:3  | You are sucked into a shaft and drop 1 floor!
 82426 | Slime:4  | Reached skill level 15 in Evocations
 82812 | Slime:5  | Entered Level 5 of the Pits of Slime
 83013 | Slime:5  | Noticed the Royal Jelly
 83107 | Slime:5  | Found a viscous altar of Jiyva.
 83119 | Slime:5  | Identified the +5 broad axe of Ymaolih {elec, Fly rC+}
 83129 | Slime:5  | Got Meoxill's Opusculum on Charming Hypothermia
 83265 | Slime:5  | Killed the Royal Jelly
 83392 | Slime:5  | Got a slimy rune of Zot
 83407 | Slime:5  | Identified the +8 falchion of Distraction {freeze, Will+
                  | rCorr Stlth+}
 83441 | Slime:5  | Identified the +0 ring mail "Molihuor" {Harm Rampage rPois
                  | Str+4}
 83465 | Slime:5  | Identified the staff of death "Wecsyfad" {rN+ Will+ Str+3}
 83473 | Slime:5  | Got the Quarto of the Phantasmal Icicle
 83807 | Orc:2    | Bought a potion of lignification for 48 gold pieces
 83807 | Orc:2    | Bought a potion of magic for 128 gold pieces
 83807 | Orc:2    | Bought a potion of curing for 48 gold pieces
 83807 | Orc:2    | Bought a potion of mutation for 128 gold pieces
 83807 | Orc:2    | Bought a potion of magic for 128 gold pieces
 83807 | Orc:2    | Bought 2 potions of haste for 320 gold pieces
 83807 | Orc:2    | Bought a potion of magic for 128 gold pieces
 83807 | Orc:2    | Bought a potion of brilliance for 64 gold pieces
 83807 | Orc:2    | Bought a potion of cancellation for 128 gold pieces
 83817 | Orc:2    | Bought a book of Misfortune for 612 gold pieces
 83823 | Orc:2    | Learned a level 5 spell: Yara's Violent Unravelling
 83992 | Hell     | Entered the Vestibule of Hell
 83992 | Hell     | Noticed Geryon
 83999 | Hell     | Noticed Murray
 84001 | Hell     | Killed Murray
 84159 | Hell     | Reached skill level 10 in Dodging
 84167 | Hell     | Killed Geryon
 84256 | Hell     | Found a gateway to the freezing wastes of Cocytus.
 84351 | Hell     | Found a gateway to the ashen valley of Gehenna.
 84443 | Hell     | Found a gateway to the decaying netherworld of Tartarus.
 84592 | Hell     | Found a gateway to the Iron City of Dis.
 84640 | Coc:1    | Entered Level 1 of Cocytus
 85122 | Coc:4    | Paralysed by a wendigo for 1 turns
 85365 | Coc:5    | Reached skill level 15 in Shields
 85743 | Coc:7    | Entered Level 7 of Cocytus
 85744 | Coc:7    | Paralysed by a wendigo for 1 turns
 85945 | Coc:7    | Noticed a dread lich
 85948 | Coc:7    | Killed a dread lich
 86000 | Coc:7    | Identified the ring "Tapeirupn" {Fire rCorr Str+2 Dex+6
                  | Stlth-}
 86174 | Coc:7    | Noticed Antaeus
 86205 | Coc:7    | Killed Antaeus
 86331 | Coc:7    | Identified the ring of Pybateps {*Slow rElec rCorr Dex+4}
 86333 | Coc:7    | Identified the amulet of Gluttony {Acrobat rN+ Str-3 Int+4}
 86340 | Coc:7    | Got an icy rune of Zot
 86344 | Coc:7    | Identified the staff of conjuration "Ogukh" {*Corrode Will+
                  | Str+6}
 86419 | Dis:1    | Entered Level 1 of the Iron City of Dis
 86875 | Dis:5    | Noticed an ancient lich
 86877 | Dis:5    | Killed an ancient lich
 87112 | Dis:7    | Entered Level 7 of the Iron City of Dis
 87722 | Dis:7    | Noticed the Serpent of Hell
 87732 | Dis:7    | Killed the Serpent of Hell
 88328 | Dis:7    | Got an iron rune of Zot
 88329 | Dis:7    | Identified the +0 pair of boots "Sazupn" {Harm rCorr Str-3
                  | Stlth+}
 88330 | Dis:7    | Identified the staff of poison "Paogoh Ypui" {rPois rC+
                  | MP+9 Int+2}
 88434 | Tar:1    | Entered Level 1 of Tartarus
 88434 | Tar:1    | Noticed a dread lich
 88436 | Tar:1    | Killed a dread lich
 88466 | Tar:1    | Noticed an ancient lich
 88474 | Tar:1    | Killed an ancient lich
 88891 | Tar:4    | Found a huge runed gate.
 88891 | Tar:4    | Found a huge runed gate.
 88891 | Tar:4    | Found a huge runed gate.
 88891 | Tar:4    | Found a huge runed gate.
 88891 | Tar:4    | Found a huge runed gate.
 88891 | Tar:4    | Found a huge runed gate.
 88891 | Tar:4    | Found a huge runed gate.
 88891 | Tar:4    | Found a huge runed gate.
 88891 | Tar:4    | Found a huge runed gate.
 88891 | Tar:4    | Found a huge runed gate.
 89036 | Tar:5    | Noticed an ancient lich
 89040 | Tar:5    | Killed an ancient lich
 89278 | Tar:7    | Entered Level 7 of Tartarus
 89727 | Tar:7    | Identified the +1 robe of Plasticity {Fly Will+ Slay-6}
 89846 | Tar:7    | Identified the +2 hand axe of Linearity {venom, rElec rCorr
                  | Int-3}
 90127 | Tar:7    | Identified the staff of earth "Jaanwyer" {rElec rN+ Str-5}
 90128 | Tar:7    | Identified the amulet "Gahuam" {Faith Rampage Stlth+}
 90132 | Tar:7    | Identified the staff of air "Aziuk" {rElec rPois Dex+3}
 90137 | Tar:7    | Identified the +2 trident "Amajugg" {speed, rF+}
 90691 | Tar:7    | Noticed Ereshkigal
 90808 | Tar:7    | Paralysed by Ereshkigal for 5 turns
 90815 | Tar:7    | Killed Ereshkigal
 90949 | Tar:7    | Got a bone rune of Zot
 91169 | Crypt:1  | Entered Level 1 of the Crypt
 91529 | Crypt:1  | Noticed Margery
 91534 | Crypt:1  | Killed Margery
 91843 | Crypt:3  | Entered Level 3 of the Crypt
 91846 | Crypt:3  | Found a magical portal.
 91862 | WizLab   | Entered Cigotuvi's Fleshworks
 91889 | WizLab   | Reached skill level 27 in Spellcasting
 92112 | WizLab   | Identified the ring "Qiro" {rPois rF+ rC+}
 92328 | WizLab   | Got Cigotuvi's Volume of the Rotting Shift
 92946 | Crypt:3  | Found a staircase to the Tomb.
 92985 | Tomb:1   | Entered Level 1 of the Tomb of the Ancients
 92993 | Tomb:1   | Noticed a royal mummy
 92994 | Tomb:1   | Noticed a royal mummy
 92994 | Tomb:1   | Noticed a royal mummy
 92994 | Tomb:1   | Noticed a royal mummy
 92998 | Tomb:1   | Killed a royal mummy
 92998 | Tomb:1   | Killed a royal mummy
 92998 | Tomb:1   | Killed a royal mummy
 92999 | Tomb:1   | Killed a royal mummy
 93000 | Tomb:1   | Noticed a royal mummy
 93009 | Tomb:1   | Killed a royal mummy
 93076 | Tomb:1   | Noticed a royal mummy
 93077 | Tomb:1   | Noticed a royal mummy
 93081 | Tomb:1   | Killed a royal mummy
 93082 | Tomb:1   | Killed a royal mummy
 93097 | Tomb:1   | Noticed a royal mummy
 93101 | Tomb:1   | Killed a royal mummy
 93101 | Tomb:1   | Noticed a royal mummy
 93102 | Tomb:1   | Noticed a royal mummy
 93104 | Tomb:1   | Noticed a royal mummy
 93176 | Tomb:1   | Noticed a royal mummy
 93178 | Tomb:1   | Killed a royal mummy
 93179 | Tomb:1   | Killed a royal mummy
 93179 | Tomb:1   | Killed a royal mummy
 93180 | Tomb:1   | Killed a royal mummy
 93180 | Tomb:1   | Noticed a royal mummy
 93184 | Tomb:1   | Killed a royal mummy
 93185 | Tomb:1   | Noticed a royal mummy
 93256 | Tomb:1   | Killed a royal mummy
 93305 | Tomb:1   | Noticed a royal mummy
 93309 | Tomb:1   | Killed a royal mummy
 93489 | Tomb:1   | Identified the +10 scale mail of Poni {+Blink Int+4}
 93608 | Tomb:1   | Reached skill level 15 in Dodging
 94008 | Tomb:1   | Noticed a royal mummy
 94011 | Tomb:1   | Killed a royal mummy
 94163 | Tomb:1   | Noticed a royal mummy
 94167 | Tomb:1   | Noticed a royal mummy
 94171 | Tomb:1   | Killed a royal mummy
 94247 | Tomb:1   | Noticed a royal mummy
 94252 | Tomb:1   | Killed a royal mummy
 94253 | Tomb:1   | Killed a royal mummy
 94515 | Tomb:2   | Noticed a royal mummy
 94518 | Tomb:2   | Noticed a royal mummy
 94520 | Tomb:2   | Killed a royal mummy
 94525 | Tomb:2   | Noticed a royal mummy
 94528 | Tomb:2   | Noticed a royal mummy
 94529 | Tomb:2   | Killed a royal mummy
 94531 | Tomb:2   | Killed a royal mummy
 94531 | Tomb:2   | Killed a royal mummy
 95016 | Tomb:3   | Entered Level 3 of the Tomb of the Ancients
 95051 | Tomb:3   | Noticed a royal mummy
 95056 | Tomb:3   | Killed a royal mummy
 95060 | Tomb:3   | Noticed a royal mummy
 95063 | Tomb:3   | Noticed a royal mummy
 95063 | Tomb:3   | Noticed a royal mummy
 95065 | Tomb:3   | Killed a royal mummy
 95065 | Tomb:3   | Noticed a royal mummy
 95067 | Tomb:3   | Killed a royal mummy
 95067 | Tomb:3   | Noticed a royal mummy
 95067 | Tomb:3   | Noticed a royal mummy
 95068 | Tomb:3   | Killed a royal mummy
 95068 | Tomb:3   | Killed a royal mummy
 95068 | Tomb:3   | Noticed a royal mummy
 95068 | Tomb:3   | Noticed a royal mummy
 95070 | Tomb:3   | Killed a royal mummy
 95071 | Tomb:3   | Killed a royal mummy
 95071 | Tomb:3   | Killed a royal mummy
 95071 | Tomb:3   | Killed a royal mummy
 95112 | Tomb:3   | Identified the ring "Sifi" {Str+6 Dex+6 Slay+3}
 95115 | Tomb:3   | Identified the ring "Tusaomodor" {rPois rC- Int+2 Dex+5}
 95118 | Tomb:3   | Identified the +0 ring mail of Fetimmaz {rC+ rCorr SInv}
 95119 | Tomb:3   | Identified the staff of conjuration "Tumufuw" {Int+3}
 95120 | Tomb:3   | Identified the staff of air "Feycy" {rElec rF+ Str+3 Int-4}
 95126 | Tomb:3   | Identified the ring "Suynishro" {rPois Will+}
 95136 | Tomb:3   | Identified the +4 battleaxe of the Illusory Hosts {vamp,
                  | +Blink Will+ Str+3 Int-4}
 95140 | Tomb:3   | Identified the +9 trident "Jaorowic" {flame, rPois rCorr
                  | Dex+4 Stlth-}
 95173 | Tomb:3   | Identified the staff of fire "Gukykly" {rPois rF+ Dex+3}
 95174 | Tomb:3   | Identified the +0 robe of the Past {rC+}
 95177 | Tomb:3   | Identified the ring of the Original Sin {Int+2 Dex+6}
 95179 | Tomb:3   | Identified the +1 falchion of the Lame Duck {holy, rF+ rC+
                  | Int+5}
 95180 | Tomb:3   | Identified the +4 shortbow "Arbiter" {drain, rPois Will+
                  | Int+2}
 95317 | Tomb:3   | Identified the ring "Zudykkia" {+Blink rElec Will+ rCorr}
 95420 | Tomb:3   | Got a golden rune of Zot
 95946 | Geh:1    | Entered Level 1 of Gehenna
 96746 | Geh:7    | Entered Level 7 of Gehenna
 97143 | Geh:7    | Found the +13 sceptre of Asmodeus
 97143 | Geh:7    | Noticed Asmodeus
 97176 | Geh:7    | Killed Asmodeus
 97272 | Geh:7    | Got an obsidian rune of Zot
 97601 | Zot:5    | Noticed an ancient lich
 97603 | Zot:5    | Killed an ancient lich
 97609 | Zot:5    | Noticed an orb of fire
 97618 | Zot:5    | Killed an orb of fire
 97745 | Zot:5    | Noticed a dread lich
 97817 | Zot:5    | Killed a dread lich
 97847 | Zot:5    | Noticed a dread lich
 97852 | Zot:5    | Killed a dread lich
 98050 | Zot:5    | Noticed an orb of fire
 98054 | Zot:5    | Killed an orb of fire
 98064 | Zot:5    | Noticed a dread lich
 98067 | Zot:5    | Killed a dread lich
 98110 | Zot:5    | Noticed a dread lich
 98111 | Zot:5    | Noticed a dread lich
 98112 | Zot:5    | Killed a dread lich
 98113 | Zot:5    | Killed a dread lich
 98133 | Zot:5    | Noticed a dread lich
 98137 | Zot:5    | Killed a dread lich
 98367 | Zot:5    | Got the Orb of Zot
 98597 | D:15     | Noticed Gloorx Vloq
 98753 | D:7      | Noticed Juicemae the pandemonium lord
 98757 | D:7      | Killed Juicemae the pandemonium lord
 98838 | D:3      | Noticed Xopit the pandemonium lord
 98943 | D:$      | Escaped with the Orb!

Illustrated notes

Levels and vault maps discovered:
D:1:      lightli_arrival_quake, layout_loops_ring,
          dreamdust_ecumenical_altar_sealed_demon, serial_forest,
          infiniplex_forest_clump_curved, infiniplex_forest_clump_small,
          infiniplex_forest_diagonal, infiniplex_forest_lined_2,
          infiniplex_forest_clump_small, infiniplex_forest_corner_1,
          infiniplex_forest_clump_medium
D:2:      layout_loops_corners, serial_co_window_serial,
          co_window_of_opportunity_a, co_window_paths_a, co_window_paths_a,
          co_window_of_opportunity_a, co_window_corner_a, co_window_paths_a,
          co_window_of_opportunity_a, co_window_paths_a,
          co_window_of_opportunity_a, co_window_2corner, co_window_broadway_b,
          co_window_2corner, co_window_of_opportunity_c, co_window_corner_b,
          co_window_cross_4, co_window_4corner_b, glass_columns_a, uniq_jessica
D:3:      layout_rooms, marbit_many_paths, uniq_terence
D:4:      layout_rooms, trog_three_pillars_becter, amcnicky_altar_gilded
D:5:      nicolae_cairo_tiling, layout_cave_pools,
          nicolae_gozag_zags_fifth_avenue, mainiacjoe_overflow_alcove_2,
          minmay_temple_entry_gardened_gates
D:6:      layout_basic, serial_shops, shop, uniq_crazy_yiuf_cottage
D:7:      layout_basic, kb_lookout_dungeons_type, nicolae_shop_firing_range,
          uniq_joseph
D:8:      layout_gridville
D:9:      layout_layer_cave, nicolae_dithmenos_the_darkroom, minmay_holes,
          nicolae_shop_vocational
D:10:     layout_gridville, enter_bailey_3, nicolae_twisting_strands
D:11:     layout_stronghold, grunt_lair_entry_orc_guard_hut, serial_ice,
          serial_ice_e, serial_ice_d, serial_ice_j, serial_ice_f,
          nicolae_trove_entry_isolated, minmay_misc_feat_tiny,
          kennysheep_island_fort, uniq_grum
D:12:     minmay_ornate_pinched, layout_basic
D:13:     layout_irregular_city, erik_vaults_2, hangedman_cracks_in_the_wall,
          uniq_azrael
D:14:     layout_cave_pools, serial_shops, nicolae_stop_n_shop_1,
          lemuel_round_altar
D:15:     gammafunk_depths_entry_grave, layout_long_grid, minivault_11,
          uniq_nessos
Temple:   eino_temple_scatter_basement
Lair:1:   hellmonk_ruined_rings, layout_cave_pods,
          gammafunk_ghost_berserking_beasts
Lair:2:   layout_layer_cave, nicolae_lair_grazing_beasts
          [nicolae_sub_lair_graze_edge, nicolae_sub_lair_graze_edge,
          nicolae_sub_lair_graze_edge, nicolae_sub_lair_graze_edge]
Lair:3:   layout_long_grid, minmay_swamp_entry_worms,
          nicolae_spider_entry_non_spiders, eino_house_with_fridge,
          infiniplex_staircase_pool_2
Lair:4:   layout_gridlike, minmay_slime_entry_oklob_enclosed
Lair:5:   hellmonk_lair_end_abyssal_woods, layout_regular_city,
          portal_ice_cave_entry_ice_simulacra, grunt_megastairs_1
Swamp:1:  layout_falls_marsh, evilmike_swamp_ruin_house_2
Swamp:2:  layout_basic_swamp, infiniplex_staircase_pool, swamp_pool4
Swamp:3:  layout_basic_swamp, nicolae_swamp_orc_logging_accident
Swamp:4:  grunt_swamp_rune_castle, layout_basic_swamp
Spider:1: layout_spider_delve
Spider:2: spiders_nest_scorpion_pit, uniq_louise, uniq_jorgrun
Spider:3: layout_spider_delve, ebering_ghost_reflecting_pool,
          nicolae_spider_solar_radiation, uniq_aizul
Spider:4: guppyfry_spider_rune, uniq_arachne
Slime:1:  layout_caves
Slime:2:  layout_caves
Slime:3:  layout_caves
Slime:4:  layout_caves
Slime:5
Orc:1:    layout_caves, basic_altar
Orc:2:    st_orc_elflike, layout_caves, serial_shops, nicolae_shop_statue_plus,
          uniq_sonja
Elf:1:    minmay_the_grid_net [minmay_the_grid_gridbox,
          minmay_the_grid_plusring, minmay_the_grid_box_x,
          minmay_the_grid_holed_spiral, minmay_the_grid_tree,
          minmay_the_grid_prize_diamond_cup], layout_gridlike,
          ebering_ghost_xom, hangedman_elf_disciples, uniq_roxanne
Elf:2:    nicolae_elf_blades_crystal_corner, layout_rooms, serial_shops, shop,
          nicolae_shop_drivethru, basic_altar
Elf:3:    elf_hall, layout_gridlike, grunt_ministairs_11, uniq_saint_roka
Vaults:1: vaults_room_stairs_pillars, nicolae_vaults_trapezoid_lopsided_1,
          grunt_vaults_hallway_long, serial_ice_h, v_rooms_5,
          nicolae_vaults_little_squares_6, ontoclasm_vaults_eye,
          nicolae_vaults_theta, nicolae_vaults_sightless_eye,
          layout_vaults_quadrants
Vaults:2: portal_desolation_entry_salt, nicolae_vaults_trapezoid_lopsided_1,
          minmay_crypt_entry_skeletal_spiral, grunt_vaults_bifocal,
          hangedman_vaults_corner_blocks, v_alt_pattern_5, v_misc_12,
          nicolae_vaults_specimen_jars, nicolae_vaults_more_shelving_1,
          hangedman_vaults_corner_blocks, vaults_room_hallway,
          grunt_vaults_twisty, v_misc_16, ontoclasm_vaults_fault,
          vaults_room_ringed_pool, vaults_room_boxed,
          nicolae_vaults_little_squares_3, layout_vaults_omnibox
Vaults:3: nicolae_vaults_variable_pillar_hall_cross, nicolae_vaults_little_ls,
          hangedman_vaults_maws, nicolae_vaults_mitosis, grunt_vaults_funnel,
          st_cross, v_alt_pattern_2, v_misc_18, ontoclasm_vaults_chip,
          nicolae_vaults_house_2, vaults_dpeg_diagonal, v_alt_pattern_1,
          layout_vaults_omnicross
Vaults:4: v_misc_12, v_rooms_2, v_misc_23, nicolae_vaults_network_square,
          nicolae_vaults_little_squares_2, nicolae_vaults_more_shelving_2,
          nicolae_vaults_theta, v_misc_15, hangedman_vaults_unwind, v_misc_30,
          vaults_dpeg_spiral, nicolae_vaults_tetromino_L_1,
          ontoclasm_vaults_decontamination,
          nicolae_vaults_antechamber_and_loot_room,
          nicolae_vaults_variable_pillar_hall, layout_vaults_maze_bifur
Vaults:5
Crypt:1:  layout_chaotic_city, eino_tiny_chamber, grunt_crypt_arrival_split,
          uniq_margery
Crypt:2:  layout_basic
Crypt:3:  due_elkab, layout_chaotic_city, tomb_entry_shell_bobbens,
          mu_enter_wizlab_4
Tomb:1
Tomb:2
Tomb:3
Depths:1: evilmike_pillar_path, layout_cross, pf_hell_entry_tar_river,
          abyss_entry_small_statue_room, amcnicky_mini_rare_corridor_liquid,
          nicolae_wu_jian_wuxing_cycle
Depths:2: minmay_tri_stars, layout_gridlike, hangedman_coc_ice_floe, pan_entry,
          solitary_fountain, abyss_entry, serial_bayou_shore_b
Depths:3: minmay_containers, layout_cave_shapes, enter_ziggurat_a, hell_entry,
          minmay_room_of_horrors
Depths:4: evilmike_zot_entry_hall, layout_gridlike,
          grunt_hell_entry_demonic_statue, minmay_misc_feat_four_crosses
Hell
Dis:1:    layout_gridville
Dis:2:    layout_regular_city, nicolae_hells_fiendish_ambush
Dis:3:    layout_jigsaw, not_door_vault_due
Dis:4:    layout_jigsaw
Dis:5:    layout_gridville, nicolae_dis_bowling_alley
Dis:6:    layout_jigsaw, nicolae_dis_big_boring_drill
Dis:7:    iron_city_of_dis [dis_mu, dis_wall_7], layout_gridville,
          nrook_loot_triangle
Geh:1:    layout_gehenna_pools_basic
Geh:2:    layout_gehenna_pools_box
Geh:3:    layout_gehenna_pools_triple, hangedman_elemental_grid_stream
Geh:4:    nicolae_hells_demon_pit, layout_gehenna_lava_caves
Geh:5:    layout_gehenna_lava_caves
Geh:6:    layout_gehenna_lava_caves
Geh:7:    evilmike_geh
Coc:1:    layout_ice_bergs
Coc:2:    layout_cocytus_water_paths
Coc:3:    layout_ice_bergs
Coc:4:    layout_cocytus_delve
Coc:5:    layout_cocytus_delve
Coc:6:    layout_ice_bergs
Coc:7:    coc_grunt
Tar:1:    layout_honeycomb
Tar:2:    layout_grid_maze
Tar:3:    layout_cathedral_of_symmetry, nicolae_tar_cuneiform_not,
          lemuel_nasty_fountain
Tar:4:    layout_grid_maze, door_vault
Tar:5:    layout_grid_maze, nicolae_tar_cuneiform_not
Tar:6:    layout_grid_maze
Tar:7:    tar_mu [tar_mu_maze]
Zot:1:    kennysheep_blocky_hall, layout_cathedral_of_symmetry, st_stairs_6
Zot:2:    layout_cellular_growth, hangedman_feature_mirror,
          st_small_dragon_hoard_2, grunt_ministairs_8, grunt_megastairs_3
Zot:3:    layout_misc_corridors
Zot:4:    kennysheep_bubbly, layout_gridlike
Zot:5:    layout_misc_corridors

Skill      XL: |  1  2  3  4  5  6  7  8  9 10 11 12 13 14 15 16 17 18 19 20 21 22 23 24 25 26 27 |
---------------+----------------------------------------------------------------------------------+-----
Conjurations   | 1 2 3 4 6 7 9 11 12 13 14 15 16 17 19 20 25 | 25.7
Spellcasting   | 3 5 6 7 8 10 11 12 13 14 15 18 19 27 | 27.0
Earth Magic    | 4 5 6 7 8 9 11 12 14 15 16 17 19 20 22 26 27 | 27.0
Translocations | 1 4 |  4.0
Necromancy     | 4 5 6 8 10 12 16 19 20 | 20.0
Evocations     | 3 5 6 10 15 | 15.0
Fighting       | 4 5 8 10 12 15 26 | 26.6
Shields        | 3 5 8 10 22 | 22.5
Transmutations | 2 7 9 10 12 16 19 20 | 20.0
Dodging        | 5 18 | 18.9
Stealth        | |  1.7

Action                     |  1- 3 |  4- 6 |  7- 9 | 10-12 | 13-15 | 16-18 | 19-21 | 22-24 | 25-27 || total
---------------------------+-------+-------+-------+-------+-------+-------+-------+-------+-------++-------
  Melee: Unarmed           |     3 |       |       |       |       |       |       |       |       ||     3
         Short sword       |    16 |       |       |       |       |       |       |       |       ||    16
         Tailslap          |     1 |       |     3 |       |     1 |     1 |     1 |     1 |    20 ||    28
         Staff             |       |       |     6 |       |       |     2 |       |       |   126 ||   134
         Falchion          |       |       |       |       |    13 |     2 |     3 |     3 |     1 ||    22
   Cast: Sandblast         |    48 |   117 |    39 |     4 |       |       |       |       |       ||   208
         Stone Arrow       |       |    10 |    78 |   155 |    57 |     6 |     2 |       |       ||   308
         Borgnjor's Vile C |       |       |     9 |    68 |    96 |    99 |    92 |    12 |   184 ||   560
         Lehudib's Crystal |       |       |       |     5 |     1 |     2 |     2 |     6 |   279 ||   295
         Iron Shot         |       |       |       |    57 |   418 |   402 |   403 |   136 |   955 ||  2371
         Irradiate         |       |       |       |       |     9 |    17 |    13 |    11 |    29 ||    79
         Shatter           |       |       |       |       |       |       |    64 |   398 |   957 ||  1419
         Spellforged Servi |       |       |       |       |       |       |       |       |    29 ||    29
         Necromutation     |       |       |       |       |       |       |       |       |   241 ||   241
         Apportation       |       |       |       |       |       |       |       |       |    11 ||    11
         Yara's Violent Un |       |       |       |       |       |       |       |       |     5 ||     5
Ability: Breathe Dispellin |       |       |       |     1 |     3 |       |       |       |     4 ||     8
         Evoke Blink       |       |       |       |       |       |       |     1 |     1 |     3 ||     5
         End Transformatio |       |       |       |       |       |       |       |       |     4 ||     4
  Evoke: Wand              |       |       |     8 |     4 |     6 |     2 |       |       |     8 ||    28
         Lightning rod     |       |       |       |       |     9 |     6 |     4 |     1 |    10 ||    30
         Phantom mirror    |       |       |       |       |       |       |     1 |       |     3 ||     4
         Condenser vane    |       |       |       |       |       |       |       |       |     2 ||     2
         Box of beasts     |       |       |       |       |       |       |       |       |     1 ||     1
    Use: Scroll            |       |     4 |     6 |     6 |    20 |     4 |     3 |     2 |    24 ||    69
         Potion            |       |       |       |     2 |       |     2 |     1 |     1 |    12 ||    18
 Armour: Skin              |     4 |     7 |     3 |     3 |    56 |    67 |    53 |    90 |   463 ||   746
  Dodge: Dodged            |    10 |    42 |    11 |    23 |    60 |    94 |    82 |    73 |   524 ||   919
  Block: Other             |       |       |     6 |     8 |     2 |       |       |       |       ||    16
         Reflection        |       |       |     3 |     5 |    25 |       |       |       |       ||    33
         Kite shield       |       |       |       |       |   179 |   108 |    95 |   100 |   685 ||  1167

Table legend: (Time is in decaauts)
 A = Elapsed time spent in this place.
 B = Non-inter-level travel time spent in this place.
 C = Inter-level travel time spent in this place.
 D = Time resting spent in this place.
 E = Time spent auto-exploring this place.
 F = Levels seen in this place.
 G = Mean time per level.
                   A        B        C        D        E       F      G
               +--------+--------+--------+--------+--------+-----+--------+
         Total |  99648 |  92308 |   7340 |  26227 |  42099 | 107 |  931.3 |
       Dungeon |  25342 |  22801 |   2541 |   5334 |  14095 |  15 | 1689.5 |
        Temple |    206 |    188 |     18 |      0 |    173 |   1 |  206.0 |
          Lair |  12823 |  11774 |   1049 |   4043 |   5743 |   5 | 2564.6 |
         Swamp |   4014 |   3862 |    152 |    732 |   2356 |   4 | 1003.5 |
   Spider Nest |   6027 |   5606 |    421 |   1440 |   2686 |   4 | 1506.8 |
    Slime Pits |   1325 |   1261 |     64 |    652 |      0 |   5 |  265.0 |
  Orcish Mines |   2829 |   2445 |    384 |   1047 |   1031 |   2 | 1414.5 |
   Elven Halls |   3060 |   2965 |     95 |    523 |   1853 |   3 | 1020.0 |
        Vaults |   8873 |   8284 |    589 |   1663 |   4377 |   5 | 1774.6 |
         Crypt |   1604 |   1455 |    149 |    646 |    365 |   3 |  534.7 |
          Tomb |   2358 |   2164 |    194 |    447 |    605 |   3 |  786.0 |
        Depths |   6575 |   5906 |    669 |   1424 |   3507 |   4 | 1643.8 |
          Hell |    635 |    459 |    176 |     72 |    287 |   1 |  635.0 |
           Dis |   1965 |   1965 |      0 |   1048 |     39 |   7 |  280.7 |
       Gehenna |   1341 |   1309 |     32 |    712 |      0 |   7 |  191.6 |
       Cocytus |   1741 |   1741 |      0 |    854 |    174 |   7 |  248.7 |
      Tartarus |   2613 |   2527 |     86 |    931 |    701 |   7 |  373.3 |
           Zot |   5822 |   5107 |    715 |   1055 |   3039 |   5 | 1164.4 |
         Abyss |    409 |    409 |      0 |     40 |      0 |   4 |  102.2 |
   Pandemonium |   7652 |   7652 |      0 |   2774 |    658 |  12 |  637.7 |
        Bailey |    480 |    480 |      0 |    256 |     53 |   1 |  480.0 |
        Wizlab |    773 |    773 |      0 |    122 |    313 |   1 |  773.0 |
    Desolation |   1169 |   1169 |      0 |    410 |     43 |   1 | 1169.0 |
               +--------+--------+--------+--------+--------+-----+--------+

Top non-repeatable levels by time:
    D:12: 3537 daAuts
  Lair:5: 3432 daAuts
  Lair:1: 2795 daAuts
    D:13: 2682 daAuts
  Lair:2: 2550 daAuts
    D:11: 2407 daAuts
Vaults:2: 2383 daAuts
Spider:2: 2131 daAuts
  Lair:4: 2097 daAuts
     D:9: 1989 daAuts
Vaults:1: 1968 daAuts
  Lair:3: 1948 daAuts
Depths:2: 1881 daAuts
   Orc:2: 1873 daAuts
Depths:4: 1819 daAuts
